 Dungeon Crawl Stone Soup version 0.27-a0-1154-gfdeffcb720 (webtiles) character file.

Game seed: 17581336325664767717

36 st0uf the Digger (level 3, -3/20 HPs)
             Began as a Gargoyle Earth Elementalist on May 14, 2021.
             Killed from afar by Natasha (4 damage)
             ... with a magic dart
             ... on level 1 of the Dungeon.
             The game lasted 00:05:21 (1633 turns).

st0uf the Digger (Gargoyle Earth Elementalist)      Turns: 1633, Time: 00:05:23

Health: -3/20      AC:  8    Str: 11    XL:     3   Next: 37%
Magic:  5/6        EV: 10    Int: 16    God:
Gold:   14         SH:  5    Dex: 10    Spells: 3/6 levels left

rFire    . . .     SeeInvis .   a - +0 short sword (venom)
rCold    . . .     Faith    .   (no shield)
rNeg     + . .     Spirit   .   d - +0 ring mail
rPois    ∞         Reflect  +   (no helmet)
rElec    +         Harm     .   (no cloak)
rCorr    .         Rampage  .   (no gloves)
Will     .....                  (no boots)
Stlth    +.........             f - amulet of reflection
HPRegen  0.06/turn              (no ring)
MPRegen  0.10/turn              (no ring)

@: no status effects
A: sickness immunity, AC +3, negative energy resistance 1, electricity
resistance, torment resistance 1, petrification resistance
a: no special abilities


You were on level 1 of the Dungeon.
You visited 1 branch of the dungeon, and saw 2 of its levels.

You collected 14 gold pieces.

Inventory:

Hand Weapons
 a - a +0 short sword of venom (weapon)
Missiles
 b - 46 stones
Armour
 c - a +0 robe
 d - a +0 ring mail (worn)
Jewellery
 f - an amulet of reflection (around neck)
Scrolls
 e - 2 scrolls of identify {unknown}


   Skills:
 + Level 0.6 Fighting
 + Level 0.1 Armour
 - Level 1.5 Dodging
 + Level 2.4 Stealth
 + Level 2.3 Spellcasting
 + Level 0.7 Transmutations
 + Level 4.6 Earth Magic


You had 3 spell levels left.
You knew the following spells:

 Your Spells              Type           Power      Damage    Failure   Level
a - Sandblast             Erth           32%        2d9       7%          1
b - Passwall              Tmut/Erth      8%         N/A       24%         2

Your spell library contained the following spells:

 Spells                   Type           Power      Damage    Failure   Level
 Beastly Appendage        Tmut           8%         N/A       36%         1
 Wereblood                Tmut           4%         N/A       50%         2
 Stone Arrow              Conj/Erth      18%        3d8       50%         3
 Spider Form              Tmut/Pois      1%         N/A       77%         3
 Petrify                  Tmut/Erth      10%        N/A       85%         4
 Lee's Rapid Deconstruct  Erth           8%         3d8*      89%         5
 Ice Form                 Ice/Tmut       3%         N/A       99%         4
 Hydra Form               Tmut           2%         N/A       100%        5


Dungeon Overview and Level Annotations

Branches:
Dungeon (2/15)

Altars:

Annotations:
D:1 Natasha


Innate Abilities, Weirdness & Mutations

You are immune to sickness and miasma.
Your stone body is resilient. (AC +3)
You are immune to poison.
You resist negative energy. (rN+)
You are resistant to electric shocks. (rElec)
You are resistant to unholy torment.
You are immune to petrification.


Message History

A dart slug comes into view.
You barely miss the quokka.
The jackal bites you but does no damage.
The quokka barely misses you. You block the jackal's attack.
You hit the quokka but do no damage.
The quokka is poisoned.
The quokka misses you. The jackal misses you.
A worm comes into view.
You block the quokka's attack.
The jackal bites you but does no damage.
You hit the quokka but do no damage. You block the quokka's attack.
The jackal closely misses you.
You hit the quokka.
You kill the quokka!
You kill the jackal!
The jackal bites you but does no damage.
Natasha casts a spell at you. The magic dart hits you.
You barely miss Natasha.
The jackal bites you but does no damage.
Natasha casts a spell.
You miss Natasha. The jackal closely misses you.
The jackal bites you but does no damage.
Natasha claws you. The white imp hits you. The white imp freezes you.
The jackal barely misses you. Natasha misses you.
The white imp gestures at you. The puff of frost hits you.
* * * LOW HITPOINT WARNING * * *
You climb upwards.
The white imp disappears in a puff of smoke!
There is a stone staircase leading down here.
You block the jackal's attack.
Casting: Sandblast (safe; 7% risk of failure)
Confirm with . or Enter, or press ? or * to list all spells.
Aiming: Sandblast (safe; 7% risk of failure)
Press: ? - help, Shift-Dir - straight line, f - jackal
Aim: a jackal (74% to hit)
The blast of sand hits the jackal.
You kill the jackal!
Natasha casts a spell at you. The magic dart hits you.
You die...

####### #.#...##...###.#
##.....######.######.......#
##.....#......##############
##...........>....)........#
##.....#.......#####...###.#
##.#####.......#.......'.#.#
##.#####.......#.##....#.#'###
##........####.#.##....#.....#
##........# #.#@##....#.....#
.'........#
#.#†##....#.....####
##........#
#.#h.#....#.#.#.....
#........#
#.#..#....#.#.#.####
##.......)#
#.#..#.........))...
.#........#
#.#.........#.#.####
.#........# #.##.##...###.#.#
.#........# #.............#.#
##........# ####..........#.#


You could see Natasha.

Vanquished Creatures
  A dart slug (D:1)
  4 ball pythons (D:1)
  2 bats (D:1)
  2 endoplasms (D:1)
  2 giant cockroaches (D:1)
  2 goblins (D:1)
  4 hobgoblins (D:1)
  3 jackals
  5 kobolds (D:1)
  2 quokkas
  2 frilled lizards (D:1)
29 creatures vanquished.

Notes
Turn   | Place    | Note
-------+----------+-------------------------------------------
     0 | D:1      | st0uf the Gargoyle Earth Elementalist began the quest for
                  | the Orb.
     0 | D:1      | Reached XP level 1. HP: 10/10 MP: 3/3
   252 | D:1      | Reached skill level 4 in Earth Magic
   390 | D:1      | Reached XP level 2. HP: 15/15 MP: 5/5
   842 | D:1      | Learned a level 2 spell: Passwall
  1000 | D:1      | Reached XP level 3. HP: 19/20 MP: 6/6
  1617 | D:2      | Noticed Natasha
  1629 | D:2      | HP: 1/20 [white imp/puff of frost[Natasha] (6)]
  1633 | D:1      | Killed from afar by Natasha

Illustrated notes

Levels and vault maps discovered:
D:1:      dpeg_arrival_stone_temple_mockup, layout_basic
D:2:      layout_rooms, basic_altar, kennysheep_minor_cross, uniq_natasha

Skill      XL: |  1 |
---------------+----+-----
Earth Magic    | 4 |  4.6
Fighting       | |  0.6
Armour         | |  0.1
Dodging        | |  1.5
Stealth        | |  2.4
Spellcasting   | |  2.3
Transmutations | |  0.7

Action                   || total
-------------------------++-------
Melee: Unarmed           ||    12
       Short sword       ||    70
 Cast: Sandblast         ||     8
 Stab: Sleeping          ||     1
Armor: Robe              ||    16
       Ring mail         ||    24
Dodge: Dodged            ||    44
Block: Other             ||     7

Table legend: (Time is in decaauts)
 A = Elapsed time spent in this place.
 B = Non-inter-level travel time spent in this place.
 C = Inter-level travel time spent in this place.
 D = Time resting spent in this place.
 E = Time spent auto-exploring this place.
 F = Levels seen in this place.
 G = Mean time per level.
                   A        B        C        D        E       F      G
               +--------+--------+--------+--------+--------+-----+--------+
         Total |   1639 |   1609 |     30 |    119 |   1211 |   2 |  819.5 |
       Dungeon |   1639 |   1609 |     30 |    119 |   1211 |   2 |  819.5 |
               +--------+--------+--------+--------+--------+-----+--------+

Top non-repeatable levels by time:
     D:1: 1624 daAuts
     D:2: 14 daAuts
